 Dungeon Crawl Stone Soup version 0.31-a0-489-g282fc92437 (webtiles) character file.

Game seed: 10830094469766862885

60 Ethylacetat the Trooper (level 4, -3/24 HPs)
             Began as a Vine Stalker Monk on Aug 7, 2023.
             Slain by a gnoll
             ... wielding a +0 halberd
              (10 damage)
             ... on level 2 of the Dungeon.
             The game lasted 00:01:53 (1102 turns).

Ethylacetat the Trooper (Vine Stalker Monk)         Turns: 1102, Time: 00:01:54

Health: -3/24      AC:  6    Str: 15    XL:     4   Next: 6%
Magic:  0/7        EV: 10    Int: 10    God:
Gold:   132        SH:  0    Dex: 17    Spells: 6/6 levels left

rFire   . . .        a - +0 hand axe
rCold   . . .        d - orb {light}
rNeg    . . .        e - +0 scale mail
rPois   .            (no helmet)
rElec   .            (no cloak)
rCorr   .            (no gloves)
SInv    .            (no boots)
Will    .....        (no amulet) Stlth
                     (no ring)
HPRegen 1.04/turn    (no ring)
MPRegen 0.10/turn

%: guardian spirit
@: glowing
A: fangs 2, regeneration 1, magic shield, antimagic bite, no potion heal 2
a: no special abilities


You were on level 2 of the Dungeon.
You visited 1 branch of the dungeon, and saw 2 of its levels.

You collected 132 gold pieces.

Inventory:

Hand Weapons
 a - a +0 hand axe (weapon)
Armour
 d - an orb of light (worn)
 e - a +0 scale mail (worn)
Scrolls
 b - 5 scrolls of identify {unknown}
 f - a scroll of poison {unknown}
 g - a scroll of teleportation {unknown}
 h - a scroll of vulnerability {unknown}


   Skills:
 + Level 3.3 Fighting
 + Level 3.3 Axes
 - Level 2.4 Dodging
 + Level 1.8 Spellcasting


You had 6 spell levels left.
You didn't know any spells.
Your spell library was empty.

Dungeon Overview and Level Annotations

Branches:
Dungeon (2/15)

Altars:


Innate Abilities, Weirdness & Mutations

You have extremely sharp teeth.
Your natural rate of healing is unusually fast.
When hurt, damage is shared between your health and your magic reserves.
Your bite disrupts and absorbs the magic of your enemies.
Potions cannot restore your health.


Message History

* * * LOW HITPOINT WARNING * * *
The gnoll closely misses you.
You bump into the rock wall.
The gnoll hits you with a +0 club.
The gnoll hits you from afar with a +0 spear.
* * * LOW HITPOINT WARNING * * *
You're too confused to move!
You feel less invigorated.
You feel less confused. The gnoll closely misses you.
The gnoll hits you with a +0 club.
You hit the gnoll. You bite the gnoll.
You kill the gnoll!
The gnoll barely misses you.
You have reached level 4!
You feel agile.
You begin to heal more quickly.
The endoplasm jiggles.
There is an open door here.
You open the door. The gnoll barely misses you.
There is an open door here.
You close the door.
A gnoll opens the door.
You close the door.
A gnoll opens the door.
You close the door.
A gnoll breaks down the door.
You hit the endoplasm.
You kill the endoplasm!
You hit the rat.
You kill the rat!
The gnoll hits you with a +0 spear. The gnoll barely misses you.
You hit the gnoll.
The gnoll is moderately wounded.
The gnoll hits you with a +0 spear.
The gnoll hits you from afar with a +0 halberd.
You hit the gnoll. You bite the gnoll, but do no damage.
The gnoll is heavily wounded.
The gnoll hits you but does no damage.
The gnoll hits you from afar with a +0 halberd.
You hit the gnoll.
The gnoll is almost dead.
The gnoll hits you with a +0 spear.
* * * LOW HITPOINT WARNING * * *
The gnoll hits you from afar with a +0 halberd!
You die...

......###r#### #..# #..
....# #)# ##†# #.# ### #.#
#.# #.# ##'## #.# #.#
##...## #.##### #.#
##.....## ##.....# #.#
#.......## ##......# #.#
#.........####.>.....#####.#
+........gg@................
#.........####.......#####.#
##.......## ##.##.#######.#
##.....## ####.# #.....
##...## #.# #.##.# ##+# #.#
#.##.. #<# #.###. #.# #.###.
#.# #.....


You could see 2 gnolls.

Vanquished Creatures
  A gnoll (D:2)
  An adder (D:2)
  A worm (D:2)
  3 dart slugs
  4 endoplasms
  A goblin (D:1)
  3 hobgoblins
  3 jackals (D:1)
  A quokka (D:2)
  4 ball pythons
  4 bats (D:1)
  A frilled lizard (D:1)
  3 kobolds (D:1)
  4 rats
34 creatures vanquished.

Notes
Turn   | Place    | Note
-------+----------+-------------------------------------------
     0 | D:1      | Ethylacetat the Vine Stalker Monk began the quest for the
                  | Orb.
     0 | D:1      | Reached XP level 1. HP: 11/11 MP: 2/2
    65 | D:1      | Reached XP level 2. HP: 16/16 MP: 2/4
   366 | D:1      | Reached skill level 1 in Spellcasting
   672 | D:1      | Reached XP level 3. HP: 20/20 MP: 5/5
  1081 | D:2      | HP: 1/20 [gnoll/+0 spear (1)]
  1085 | D:2      | Gained mutation: Your natural rate of healing is unusually
                  | fast. [Vine Stalker growth]
  1085 | D:2      | Reached XP level 4. HP: 1/24 MP: 2/7
  1102 | D:2      | Slain by a gnoll

Illustrated notes

Levels and vault maps discovered:
D:1:      dpeg_arrival_pond, layout_basic, minmay_tromino_v7
D:2:      layout_loops_corners, hellmonk_ecumenical_altar_leap_of_faith,
          hangedman_decor_riveting, minmay_rat_hole

Skill      XL: |  1  2 |
---------------+-------+-----
Fighting       | 3 |  3.3
Spellcasting   | 1 |  1.8
Axes           | 3 |  3.3
Dodging        | |  2.4

Action                     |  1- 3 |  4- 6 || total
---------------------------+-------+-------++-------
  Melee: Hand axe          |    72 |     5 ||    77
         Bite              |    21 |     1 ||    22
    Use: Potion            |     1 |       ||     1
 Armour: Robe              |     5 |       ||     5
         Scale mail        |    33 |     1 ||    34
  Dodge: Dodged            |    52 |     2 ||    54

Table legend: (Time is in decaauts)
 A = Elapsed time spent in this place.
 B = Non-inter-level travel time spent in this place.
 C = Inter-level travel time spent in this place.
 D = Time resting spent in this place.
 E = Time spent auto-exploring this place.
 F = Levels seen in this place.
 G = Mean time per level.
                   A        B        C        D        E       F      G
               +--------+--------+--------+--------+--------+-----+--------+
         Total |   1113 |   1037 |     76 |      0 |    832 |   2 |  556.5 |
       Dungeon |   1113 |   1037 |     76 |      0 |    832 |   2 |  556.5 |
               +--------+--------+--------+--------+--------+-----+--------+

Top non-repeatable levels by time:
     D:1: 782 daAuts
     D:2: 330 daAuts
